 Dungeon Crawl Stone Soup version 0.29.0-4-gdea44cf6ec (webtiles) character file.

Game seed: 16726702137367639044

36 qw the Chopper (level 3, -1/21 HPs)
             Began as a Tengu Warper on Aug 28, 2022.
             Slain by a gnoll
             ... wielding a +0 halberd
              (9 damage)
             ... on level 2 of the Dungeon.
             The game lasted 00:00:06 (1107 turns).

qw the Chopper (Tengu Warper)                       Turns: 1107, Time: 00:00:06

Health: -1/21      AC:  3    Str: 13    XL:     3   Next: 37%
Magic:  7/7        EV: 12    Int: 13    God:
Gold:   69         SH:  0    Dex: 13    Spells: 6/6 levels left

rFire   . . .      SeeInvis .   Y - +0 hand axe (vamp)
rCold   . . .      Faith    .   (no shield)
rNeg    . . .      Spirit   .   b - +0 leather armour
rPois   .          Reflect  .   (helmet restricted)
rElec   .          Harm     .   (no cloak)
rCorr   .          Rampage  .   (no gloves)
Will    .....                   (boots unavailable)
Stlth   +.........              (no amulet)
HPRegen 0.07/turn               (no ring)
MPRegen 0.10/turn               (no ring)

@: no status effects
A: beak, talons 3
a: no special abilities


You were on level 2 of the Dungeon.
You visited 1 branch of the dungeon, and saw 2 of its levels.

You collected 69 gold pieces.


Innate Abilities, Weirdness & Mutations

You have a beak for a mouth.
You have claws for feet.


   Skills:
 - Level 2.0 Fighting
 + Level 4.1 Axes
 - Level 1.0 Throwing
 - Level 1.1 Armour
 - Level 2.1 Dodging
 - Level 2.0 Spellcasting
 - Level 2.4 Translocations


You had 6 spell levels left.
You didn't know any spells.
Your spell library contained the following spells:

 Spells                   Type           Power      Damage    Failure   Level
 Blink                    Tloc           14%        N/A       19%         2
 Gell's Gravitas          Tloc           7%         N/A       36%         3
 Lesser Beckoning         Tloc           7%         N/A       36%         3
 Teleport Other           Tloc           7%         N/A       36%         3
 Manifold Assault         Tloc           7%         N/A       98%         5

Inventory:

Hand Weapons
 d - a +0 club
 Y - a +0 vampiric hand axe (weapon)
Armour
 b - a +0 leather armour (worn)
Scrolls
 h - 2 scrolls of brand weapon
Potions
 e - a potion of heal wounds {unknown}
 f - a potion of lignification {unknown}

Dungeon Overview and Level Annotations

Branches:
Dungeon (2/15)

Altars:


Message History

What level of the Dungeon? (default 1, ? - help)
You see here a staff of fire.
There is a stone staircase leading down here.
You climb downwards.
There is a stone staircase leading up here.
A quokka is nearby!
Existing waypoints: (2) D:1 Assign waypoint to what number? (0-9, D - delete waypoint) Waypoint 1 assigned to D:2.
You closely miss the quokka. The quokka barely misses you.
You barely miss the quokka. Your kick misses the quokka.
Your peck misses the quokka. The quokka closely misses you.
The quokka barely misses you.
You hit the quokka. You claw the quokka.
You kill the quokka!
You open the door. 4 gnolls come into view.
Enter note:
1098 ||| Stepping ~*~*~tactically~*~*~ (hiding).
The gnoll shouts!
You hear a shout! x2
1100 ||| Stepping ~*~*~tactically~*~*~ (hiding).
You start waiting.
A gnoll is nearby!
You hit the gnoll. You claw the gnoll.
The gnoll is almost dead.
The gnoll hits you with a +0 whip.
You closely miss the gnoll.
The gnoll is almost dead.
The gnoll hits you with a +0 whip. The gnoll barely misses you.
You hit the gnoll.
You feel better.
The gnoll is almost dead.
The gnoll closely misses you.
The gnoll hits you from afar with a +0 halberd!
You barely miss the gnoll. You peck the gnoll, but do no damage.
The gnoll is almost dead.
The gnoll hits you with a +0 whip.
The gnoll hits you from afar with a +0 halberd!
You die...

## ###########
.. #.........##
#.##.###......#
#.#<.# #.###..#
.###....###.# .#
............#
####....#####
.....#..#######.
####.#.g@.......
..#g#######.#
####'# ... ..g..
.....g.
......g..
+....g....+
#.........#


You could see 2 gnolls.

Vanquished Creatures
  2 dart slugs (D:1)
  2 endoplasms (D:1)
  A giant cockroach (D:1)
  2 goblins (D:1)
  5 hobgoblins (D:1)
  4 quokkas
  2 ball pythons (D:1)
  2 bats (D:1)
  2 frilled lizards (D:1)
  2 kobolds (D:1)
  6 rats (D:1)
30 creatures vanquished.

Notes
Turn   | Place    | Note
-------+----------+-------------------------------------------
     0 | D:1      | qw the Tengu Warper began the quest for the Orb.
     0 | D:1      | Reached XP level 1. HP: 12/12 MP: 4/4
     0 | D:1      | 0 ||| qw: Version: 0.1-a-89-g26bdef1
     0 | D:1      | 0 ||| qw: Game counter: 2068
     0 | D:1      | 0 ||| qw: Always use a shield: true
     0 | D:1      | 0 ||| qw: God list: Okawaru
     0 | D:1      | 0 ||| qw: Allow faded altars: false
     0 | D:1      | 0 ||| qw: Do Orc after D:15 true
     0 | D:1      | 0 ||| qw: Do second Lair branch before Depths: true
     0 | D:1      | 0 ||| qw: Lair rune preference: random
     0 | D:1      | 0 ||| qw: Plans: Normal
     0 | D:1      | 0 ||| PLANNING D:1-11
    29 | D:1      | 29 ||| Stepping ~*~*~tactically~*~*~ (stealth).
    31 | D:1      | 31 ||| Stepping ~*~*~tactically~*~*~ (stealth).
   148 | D:1      | Reached skill level 3 in Axes
   148 | D:1      | Reached XP level 2. HP: 17/17 MP: 6/6
   610 | D:1      | 610 ||| Stepping ~*~*~tactically~*~*~ (stealth).
   611 | D:1      | 611 ||| Stepping ~*~*~tactically~*~*~ (stealth).
   676 | D:1      | Reached XP level 3. HP: 21/21 MP: 7/7
   780 | D:1      | 780 ||| Stepping ~*~*~tactically~*~*~ (stealth).
   781 | D:1      | 781 ||| Stepping ~*~*~tactically~*~*~ (stealth).
   784 | D:1      | 784 ||| Stepping ~*~*~tactically~*~*~ (stealth).
   785 | D:1      | 785 ||| Stepping ~*~*~tactically~*~*~ (stealth).
   796 | D:1      | Reached skill level 4 in Axes
  1048 | D:1      | 1048 ||| READING scroll labelled PIXIUL SEAVAO.
  1049 | D:1      | 1049 ||| READING 3 scrolls labelled ZEKOTYG BUHI.
  1050 | D:1      | 1050 ||| DROPPING scroll of blinking.
  1098 | D:2      | 1098 ||| Stepping ~*~*~tactically~*~*~ (hiding).
  1100 | D:2      | 1100 ||| Stepping ~*~*~tactically~*~*~ (hiding).
  1107 | D:2      | Slain by a gnoll

Levels and vault maps discovered:
D:1:      elethiomel_arrival_diamonds, layout_basic
D:2:      layout_loops_corners, serial_shops, shop, shop, shop, shop,
          nicolae_lakefront_shop

Skill      XL: |  1  2  3 |
---------------+----------+-----
Axes           | 3 4 |  4.1
Fighting       | |  2.0
Throwing       | |  1.0
Armour         | |  1.1
Dodging        | |  2.1
Spellcasting   | |  2.0
Translocations | |  2.4

Action                   || total
-------------------------++-------
Melee: Hand axe          ||    60
       Peck              ||     5
       Kick              ||    13
Throw: Boomerang         ||     7
  Use: Scroll            ||     2
Armor: Leather armour    ||     7
Dodge: Dodged            ||    22

Table legend:
 A = Non-vault XP
 B = Vault XP
 C = Vault XP percentage of total XP
 D = Non-vault monster count
 E = Vault monster count
 F = Vault count percentage of total count
                 A         B        C        D         E       F
            +---------+---------+-------+---------+---------+-------
      Total |      44 |       8 |  15.4 |      23 |       7 |  23.3
            +---------+---------+-------+---------+---------+-------
        D:1 |      42 |       8 |  16.0 |      22 |       7 |  24.1
        D:2 |       2 |       0 |   0.0 |       1 |       0 |   0.0
            +---------+---------+-------+---------+---------+-------
